[Event "Czech Extraliga 2023-24"]
[Site "Czech Republic"]
[Date "2024.02.10"]
[Round "7.8"]
[White "Simek, Petr"]
[Black "Konopka, Michal"]
[Result "1-0"]
[ECO "B03"]
[WhiteElo "2298"]
[BlackElo "2346"]
[Annotator "TA"]
[PlyCount "55"]
[EventDate "2023.10.14"]
[EventCountry "CZE"]
[SourceTitle "playchess.com"]
[Source "ChessBase"]
[SourceQuality "1"]
[TimeControl "40/5400+30:1800+30"]

1. e4 Nf6 2. e5 Nd5 3. d4 d6 4. c4 Nb6 5. f4 Nc6 6. Be3 dxe5 7. fxe5 Bf5 8. Nc3 e6 9. Nf3 Be7 10. Be2 O-O 11. O-O f6 12. exf6 Bxf6 13. Qd2 Qe7 14. Rad1 Rad8 15. h3 h6 16. Kh1 Rd7 17. Qc1 {[%emt 0:01:28] White is slightly better.} Rfd8 18. d5 $1 Ne5 (18... exd5 $14 19. cxd5 Nxd5 20. Nxd5 Rxd5) 19. b3 Nxf3 (19... exd5 $2 20. Nxe5 Qxe5 21. Bd4 $18) ({Black should try} 19... c5) 20. Bxf3 $16 (20. Rxf3 Bh7 $16) 20... Kh8 (20... Qb4 $16 21. Ne4 Bxe4 22. Bxe4 Qe7 (22... exd5 $2 {too greedy.} 23. Bf5 $18)) 21. Ne4 Bxe4 22. Bxe4 {[%emt 0:00:05] Threatens to win with Bb1.} Bg5 (22... exd5 $16 23. Bf5 Rd6) 23. Bxg5 $18 Qxg5 24. dxe6 Rxd1 25. Rxd1 {[%emt 0:00:04] [#] aiming for Qxg5.} Qxc1 (25... Nc8 {was called for.} 26. Bxb7 Rxd1+ 27. Qxd1 Nd6) 26. Rxc1 {[%emt 0:00:01][%cal Oe6e7] Strongly threatening e7!} Re8 27. Rf1 {[%emt 0:02:16][%cal Oe4g6] And now Bg6! would win.} (27. Bxb7 Rxe6 28. Rf1 Re7 $18) 27... c5 (27... g5 $142 28. Rf6 (28. Bxb7 Rxe6 29. Rf7 c5 $18) 28... h5 29. Bxb7 (29. c5 Nc8 $18) 29... Kg8) 28. Bg6 {[%emt 0:00:23] White took control after the opening.   Weighted Error Value: White=0.07 (flawless) /Black=0.47.  Mistake:       	---       	Black=6      Inaccurate:     	---       	Black=1      OK:         	White=3     	Black=2      Best:        	White=1     	---        Strong:       	White=1     	---} 1-0

[Event "Czech Extraliga 2023-24"]
[Site "Czech Republic"]
[Date "2024.02.10"]
[Round "7.8"]
[White "Obsivac, Josef"]
[Black "Cerveny, Martin"]
[Result "1/2-1/2"]
[ECO "D11"]
[WhiteElo "2283"]
[BlackElo "2382"]
[Annotator "RC"]
[PlyCount "214"]
[EventDate "2023.10.14"]
[EventCountry "CZE"]
[SourceTitle "playchess.com"]
[Source "ChessBase"]
[SourceQuality "1"]
[TimeControl "40/5400+30:1800+30"]

1. d4 d5 2. c4 c6 3. Nf3 Nf6 4. e3 Bg4 5. Qb3 Qb6 6. Nc3 Bxf3 7. gxf3 Qxb3 8. axb3 e6 9. c5 e5 10. b4 exd4 11. exd4 Be7 12. Be3 O-O 13. Be2 Ne8 14. b5 Nc7 15. O-O a6 16. bxc6 Nxc6 17. Ra4 Rad8 18. Rd1 Rfe8 19. f4 Bf6 20. Bf3 h6 21. Kh1 Kh8 22. Bh5 g6 23. Bf3 Kh7 24. Rd2 g5 25. f5 Kg7 26. Rd3 Ne7 27. Rb4 Rb8 28. Rb6 Red8 29. Ne2 Nxf5 30. Bg4 Ne7 31. Ng3 Nc6 32. Bd2 Kf8 33. Nf5 Nb5 34. Bc3 Re8 35. Rh3 Bg7 36. Nxg7 Kxg7 37. Bd7 Rh8 38. Bxc6 bxc6 39. Rxc6 a5 40. Ra6 Ra8 41. Rxa5 Rxa5 42. Bxa5 Kg6 43. Re3 Ra8 44. Bc3 Ra4 45. Re5 Nxd4 46. Rxd5 Ne2 47. Bd2 g4 48. Kg2 Nd4 49. b4 Nf3 50. Bc3 Ra3 51. Be5 Rb3 52. c6 Rxb4 53. Rc5 Rb1 54. Kg3 Nxe5 55. c7 Rg1+ 56. Kf4 Nd3+ 57. Ke3 Nxc5 58. c8=Q Ne6 59. Qg8+ Ng7 60. Ke2 Rb1 61. Qa8 Rb6 62. Qa2 Nf5 63. Qc2 h5 64. f3 Rb3 65. Qc6+ Kg5 66. Qc1+ Re3+ 67. Kf2 gxf3 68. Qd2 Kg4 69. Qb4+ Kg5 70. h4+ Kg6 71. Qb6+ Re6 72. Qd8 Rf6 73. Qg8+ Ng7 74. Qd8 Rf5 75. Qb8 Kh7 76. Qb1 Kg6 77. Qb8 Rf6 78. Qg8 Rf4 79. Qd8 f6 80. Qd3+ Nf5 81. Qd8 Nxh4 82. Qe8+ Kg5 83. Qg8+ Ng6 84. Qd5+ Rf5 85. Qd8 h4 86. Qc7 Rf4 87. Qc8 Rf5 88. Qc7 Kh6 89. Qc1+ Rf4 90. Qc8 f5 91. Qc1 h3 92. Qh1 Rh4 93. Qh2 f4 94. Kxf3 Kh5 95. Ke4 Kg5 96. Qg1+ Rg4 97. Qc5+ Kh6 98. Qc3 h2 99. Qf3 Rh4 100. Qh1 Rh3 101. Kf5 Rh5+ 102. Kf6 Ne5 103. Qg2 Nd7+ 104. Kf7 Rf5+ 105. Ke6 Rh5 106. Kf7 Ne5+ 107. Kf6 Nd7+ 1/2-1/2

[Event "Czech Extraliga 2023-24"]
[Site "Czech Republic"]
[Date "2024.02.10"]
[Round "7.8"]
[White "Mojzis, Jaroslav"]
[Black "Liska, Jiri"]
[Result "1/2-1/2"]
[ECO "D34"]
[WhiteElo "2068"]
[BlackElo "2285"]
[Annotator "NA RC"]
[PlyCount "153"]
[EventDate "2023.10.14"]
[EventCountry "CZE"]
[SourceTitle "playchess.com"]
[Source "ChessBase"]
[SourceQuality "1"]
[TimeControl "40/5400+30:1800+30"]

1. Nf3 Nf6 2. g3 d5 3. Bg2 c5 4. O-O Nc6 5. d4 e6 6. c4 Be7 7. Nc3 O-O 8. cxd5 exd5 9. Bg5 Be6 10. Rc1 b6 11. Ne5 Nxd4 12. e3 Nf5 13. Nc6 Qd7 14. Nxe7+ Nxe7 15. e4 Rad8 16. exd5 Nexd5 17. Nxd5 Bxd5 18. Bxf6 gxf6 19. Bxd5 Qxd5 20. Qg4+ Kh8 21. Qh4 Qd4 22. Qh6 Rg8 23. Qh5 Qd5 24. Qh4 Qd4 25. Qh5 Qxb2 26. Qxf7 Rg7 27. Qe6 Qe5 28. Qc6 Rc7 29. Qf3 Rcd7 30. Rce1 Qd6 31. Qh5 Qd5 32. Qh4 Qg5 33. Qc4 Rg8 34. Re4 Qd2 35. Qe6 Rf8 36. Rfe1 Rg7 37. Qf5 Qg5 38. Qf3 f5 39. Re5 Rgf7 40. h4 Qg7 41. Rd5 f4 42. g4 c4 43. Rg5 Qf6 44. Ree5 a6 45. a4 Qd6 46. Qc3 Qd3 47. Qe1 Qd6 48. Rd5 Qe7 49. Qc3+ Qf6 50. Qxc4 f3 51. Qd3 Qa1+ 52. Kh2 Qb2 53. Kg3 Qa1 54. Qd4+ Qxd4 55. Rxd4 Rc7 56. Rd3 Rc4 57. a5 bxa5 58. Rxa5 Rg8 59. Rg5 Rxg5 60. hxg5 Kg7 61. Kxf3 a5 62. Rd6 Ra4 63. Kg3 Ra1 64. f4 a4 65. f5 a3 66. Rd7+ Kg8 67. Ra7 a2 68. Kg2 Kf8 69. g6 hxg6 70. fxg6 Kg8 71. g7 Kh7 72. g5 Kg8 73. g6 Rb1 74. Ra8+ Kxg7 75. Ra7+ Kxg6 76. Rxa2 Rb6 77. Kh1 1/2-1/2

[Event "Czech Extraliga 2023-24"]
[Site "Czech Republic"]
[Date "2024.02.11"]
[Round "8.1"]
[White "Saric, Ivan"]
[Black "Kantans, Toms"]
[Result "1-0"]
[ECO "B48"]
[WhiteElo "2689"]
[BlackElo "2475"]
[Annotator "TA"]
[PlyCount "69"]
[EventDate "2023.10.14"]
[EventCountry "CZE"]
[SourceTitle "playchess.com"]
[Source "ChessBase"]
[SourceQuality "1"]
[TimeControl "40/5400+30:1800+30"]

1. e4 c5 2. Nf3 e6 3. d4 cxd4 4. Nxd4 Nc6 5. Nc3 Qc7 6. Be3 a6 7. g4 b5 8. Nxc6 Qxc6 9. Qd2 {[%emt 0:00:15] The position is equal.} Bb7 10. O-O-O Nf6 11. f3 Rd8 (11... d5 $11 {remains equal.}) 12. g5 $16 {[%emt 0:04:26] White now steadily converts the win.} Nh5 {[%emt 0:00:24] [#]} 13. Bh3 $1 Bc5 14. Bg4 {[%emt 0:02:36] White is more active.} g6 15. Bxh5 gxh5 16. Ne2 Qb6 17. Bxc5 Qxc5 18. h4 h6 (18... d5 $142) 19. Rhg1 {[%emt 0:05:02] g6 would now be deadly.} hxg5 20. Rxg5 Qf2 21. Qc3 {[%emt 0:06:05] Against d5} Rf8 22. Ng3 Rc8 23. Qd3 Rc7 24. Nxh5 {[%emt 0:06:10] [#] Strongly threatening Nf6+.} Kd8 25. Nf6 Qxh4 26. Rc5 {[%emt 0:02:57][%cal Rd3d7] White threatens Qxd7+! and mate.} Qf4+ $2 (26... Rxc5 27. Qxd7#) (26... Qxf6 $2 27. Qd6 Ke8 28. Rxc7 $18 (28. Qxc7 Bc6 $18)) (26... d5 27. exd5 Qg5+ (27... Rxc5 $2 28. dxe6+ $18) 28. Kb1 Rxc5 29. dxe6+ Bd5) 27. Kb1 $18 {[%emt 0:00:10] White is clearly winning.} d5 (27... Qxf6 $2 {too greedy.} 28. Qd6 (28. Rxc7 Kxc7 29. Qd6+ Kc8 $18) 28... Ke8 29. Rxc7 (29. Qxc7 Rg8 $18)) (27... Kc8 $142 28. Qxd7+ (28. Nxd7 Rg8 $18) 28... Kb8 29. Qxc7+ Qxc7 30. Nd7+ (30. Rxc7 Kxc7 31. b4 Rd8 $11) 30... Qxd7 31. Rxd7 f5 32. exf5 (32. Rcc7 Ba8 $18) 32... Bxf3 33. fxe6 Bg4) 28. Rxc7 Qxc7 29. exd5 Kc8 (29... Qc4 $142 30. Qe3 (30. dxe6+ Qxd3 31. Rxd3+ Ke7 $16) 30... Bxd5 31. Qb6+ Qc7 32. Qxa6 Ke7 33. Nxd5+ exd5 34. Qxb5 Qe5 35. Qb4+ (35. Qxd5 Qxd5 36. Rxd5 Rh8 $18) 35... Qd6 36. Re1+ Kd7 37. Qb7+ Kd8) 30. d6 Qc5 31. d7+ Kd8 32. Qd2 b4 33. Qh2 e5 34. Re1 (34. Qh4 $142 {Intending Nh7+ and mate.} Qe7 35. Qh6) 34... Qd6 35. Qxe5 {[%emt 0:00:37] Weighted Error Value: White=0.53/Black=0.34.  Mistake:       	---       	Black=5      Inaccurate:     	White=1     	Black=3      OK:         	White=10    	Black=5      Best:        	White=3     	Black=1      Strong:       	White=1     	---} 1-0

[Event "Czech Extraliga 2023-24"]
[Site "Czech Republic"]
[Date "2024.02.11"]
[Round "8.1"]
[White "Korobov, Anton"]
[Black "Gumularz, Szymon"]
[Result "1/2-1/2"]
[ECO "A13"]
[WhiteElo "2663"]
[BlackElo "2591"]
[Annotator "TA"]
[PlyCount "60"]
[EventDate "2023.10.14"]
[EventCountry "CZE"]
[SourceTitle "playchess.com"]
[Source "ChessBase"]
[SourceQuality "1"]
[TimeControl "40/5400+30:1800+30"]

1. c4 e6 2. Nf3 d5 3. g3 Nf6 4. Bg2 d4 5. O-O Nc6 6. e3 Bc5 {[%emt 0:05:32] [#]} 7. b4 $1 Bxb4 8. exd4 {[%emt 0:00:32] White has an edge.} O-O 9. Bb2 Rb8 10. Na3 Bxa3 11. Bxa3 Re8 12. Ne5 Nxd4 13. Bc5 $1 Nf5 14. Bxa7 {[%emt 0:02:25] A strong pair of Bishops.} Ra8 15. Be3 Nd7 16. Nf3 e5 17. Re1 h6 (17... e4 $15 18. Nd4 Ne5 19. Nxf5 Bxf5) 18. Qc2 e4 19. Nd4 Ne5 (19... Nxe3 {simplifies} 20. Rxe3 Nf6 21. Qc3 Ra4) 20. Qxe4 Nxc4 21. Nc6 Ncd6 22. Nxd8 Nxe4 23. Bf4 $1 Rxd8 24. Rxe4 Be6 25. Rb4 Nd4 {[%emt 0:03:37] [#] Strongly threatening ...Nc2.} 26. Bxc7 (26. Bxb7 $5 Nc2 27. Bxa8 Rxa8 28. Rbb1 Nxa1 29. Rxa1 Rxa2 30. Rxa2 Bxa2 31. Bxc7 $15) 26... Nc2 {[%emt 0:00:08] The position is equal.} (26... Ne2+ 27. Kf1 Rxd2 28. a4 $14 (28. Bxb7 Rdxa2 29. Rxa2 Rxa2 $14) (28. Rxb7 Bc4 $11)) 27. Bxd8 (27. Rxb7 $2 {perishes.} Nxa1 28. Bxd8 Rxd8 $19) 27... Rxd8 28. Rab1 Nxb4 29. Rxb4 Rxd2 {[%emt 0:00:02] ( -> ...Rd1+)} 30. h4 Bxa2 {[%emt 0:00:12] Weighted Error Value: White=0.07 (flawless) /Black=0.06 (flawless) .  Mistake:       	---       	Black=1      Inaccurate:     	White=4     	---        OK:         	White=11    	Black=17     Best:        	---       	Black=1      Strong:       	White=2     	---} 1/2-1/2

[Event "Czech Extraliga 2023-24"]
[Site "Czech Republic"]
[Date "2024.02.11"]
[Round "8.1"]
[White "Piorun, Kacper"]
[Black "Neiksans, Arturs"]
[Result "1-0"]
[ECO "E10"]
[WhiteElo "2597"]
[BlackElo "2588"]
[Annotator "RC"]
[PlyCount "175"]
[EventDate "2023.10.14"]
[EventCountry "CZE"]
[SourceTitle "playchess.com"]
[Source "ChessBase"]
[SourceQuality "1"]
[TimeControl "40/5400+30:1800+30"]

1. d4 Nf6 2. c4 e6 3. Nf3 a6 4. Bg5 d5 5. cxd5 exd5 6. Nc3 Be6 7. e3 Nbd7 8. Bd3 h6 9. Bh4 g5 10. Bg3 Nh5 11. Qc2 Nxg3 12. fxg3 Nb6 13. O-O Bg7 14. Rae1 Qd6 15. e4 O-O-O 16. e5 Qe7 17. Nd1 Kb8 18. Ne3 Bf8 19. Rc1 Rc8 20. Bf5 c5 21. Qb3 Ka7 22. dxc5 Rxc5 23. Nd4 Nd7 24. Ng4 Bg7 25. Qe3 Ka8 26. Rxc5 Nxc5 27. b4 Nd7 28. b5 Rc8 29. bxa6 bxa6 30. h3 Rc4 31. Bd3 Rc3 32. Nxe6 fxe6 33. Qe2 h5 34. Nf6 Bxf6 35. exf6 Nxf6 36. Bg6 Rc6 37. Qe5 Nd7 38. Qh8+ Kb7 39. Rf7 Qc5+ 40. Kh2 Rc7 41. Bxh5 Nb6 42. Qe5 Rxf7 43. Bxf7 Nc4 44. Qxe6 Ne3 45. Qd7+ Kb6 46. Qd8+ Kb5 47. Qxg5 Nf1+ 48. Kh1 Ne3 49. h4 Qc1+ 50. Kh2 Nf1+ 51. Kh3 Ne3 52. Be8+ Kb6 53. Qd8+ Ka7 54. Qd7+ Kb8 55. Qd6+ Ka7 56. g4 Qh1+ 57. Qh2 Qc1 58. Bg6 d4 59. h5 Qc3 60. Qg3 Qc1 61. Be4 Qh1+ 62. Qh2 Qc1 63. Qd6 Qh1+ 64. Kg3 Qe1+ 65. Kf4 Nxg2+ 66. Bxg2 Qf2+ 67. Kg5 Qxg2 68. Qxd4+ Kb7 69. h6 Qc2 70. Qg7+ Kb8 71. Qg8+ Ka7 72. Qf7+ Ka8 73. h7 Qd2+ 74. Qf4 Qd5+ 75. Qf5 Qd2+ 76. Kh5 Qh2+ 77. Kg6 Qd6+ 78. Qf6 Qd3+ 79. Kg7 Qd7+ 80. Kh6 Qd2+ 81. g5 Qh2+ 82. Kg7 Qc7+ 83. Kf8 Qc8+ 84. Kf7 Qd7+ 85. Kg8 Qd5+ 86. Kf8 Qc5+ 87. Qe7 Qf5+ 88. Kg7 1-0

[Event "Czech Extraliga 2023-24"]
[Site "Czech Republic"]
[Date "2024.02.11"]
[Round "8.1"]
[White "Pechac, Jergus"]
[Black "Ponomariov, Ruslan"]
[Result "1/2-1/2"]
[ECO "C55"]
[WhiteElo "2575"]
[BlackElo "2647"]
[Annotator "TA"]
[PlyCount "27"]
[EventDate "2023.10.14"]
[EventCountry "CZE"]
[SourceTitle "playchess.com"]
[Source "ChessBase"]
[SourceQuality "1"]
[TimeControl "40/5400+30:1800+30"]

1. e4 e5 2. Nf3 Nc6 3. Bc4 Nf6 4. d3 Be7 5. O-O O-O 6. Re1 d6 7. a4 Na5 8. Ba2 c5 9. c3 Nc6 10. Na3 a6 11. Bg5 Rb8 12. Nc4 b5 13. axb5 axb5 14. Bxf6 {[%emt 0:03:42] Weighted Error Value: White=0.04 (flawless) /Black=0.04 (flawless) .  OK:         	White=4     	Black=2} 1/2-1/2

[Event "Czech Extraliga 2023-24"]
[Site "Czech Republic"]
[Date "2024.02.11"]
[Round "8.1"]
[White "Teclaf, Pawel"]
[Black "Warakomski, Tomasz"]
[Result "1-0"]
[ECO "A13"]
[WhiteElo "2563"]
[BlackElo "2537"]
[Annotator "TA"]
[PlyCount "91"]
[EventDate "2023.10.14"]
[EventCountry "CZE"]
[SourceTitle "playchess.com"]
[Source "ChessBase"]
[SourceQuality "1"]
[TimeControl "40/5400+30:1800+30"]

1. Nf3 d5 2. e3 Nf6 3. c4 e6 4. b3 b6 5. cxd5 exd5 6. Bb2 {[%emt 0:00:04] A13: English Opening: 1...e6.} Bb7 7. Nc3 Nbd7 8. Rc1 a6 9. Ne2 Bc5 10. g3 $146 ({Predecessor:} 10. a3 O-O 11. Ned4 Bxd4 12. Nxd4 c5 13. Nf5 d4 14. exd4 cxd4 15. Bxd4 Re8+ 16. Ne3 {½-½ Kobalia,M (2578)-Vescovi,G (2606) Sharjah Masters 6th 2023 (3)}) 10... O-O 11. Bg2 Re8 12. O-O a5 13. Qc2 Ba6 14. d3 Bd6 15. Rfd1 Rc8 16. Bh3 c5 17. Bxf6 Qxf6 18. Bxd7 Qxf3 19. Nc3 d4 $1 20. Qe2 Qxe2 21. Nxe2 dxe3 $1 22. fxe3 Rxe3 23. Bxc8 Bxc8 24. Nc3 Kf8 25. Nd5 Re2 26. Nxb6 Bf5 (26... Bh3 $142) 27. Rf1 $16 Bxd3 (27... g6 $16) 28. Rfe1 Rxe1+ 29. Rxe1 Bb5 (29... Bf5 {might work better.} 30. Rd1 Bc7) 30. Kf2 Bc7 {[%emt 0:00:38] [#]} 31. Nd5 $1 Bd6 32. Nc3 Bc6 33. Ke3 f5 34. Kd3 Kf7 35. Kc4 g5 36. Nb5 Be7 37. Nc7 Bb7 {[%emt 0:06:28] [#]} (37... h5 {was worth a try.} 38. Rf1 Bd7) 38. Ne6 (38. Rf1 $1 $18 Kg6 39. Kb5) 38... Ba6+ $16 39. Kd5 Bb7+ 40. Ke5 Bc8 $2 (40... Be4 $16 41. g4 Bf6+ 42. Kd6 Be7+ 43. Kd7 Bd3) 41. Nxc5 $18 ({Not} 41. Kxf5 Bd6 $14) 41... h5 (41... Bxc5 $2 {too greedy.} 42. Rc1 $18) 42. Rc1 Bf6+ 43. Kd6 h4 $2 (43... Bd8 {keeps fighting.} 44. Re1 f4 45. gxf4 gxf4) 44. Ne4 $18 Be7+ 45. Ke5 Be6 46. Rc6 (46. Nd6+ Bxd6+ 47. Kxd6 hxg3 48. hxg3 Kf6) 1-0

[Event "Czech Extraliga 2023-24"]
[Site "Czech Republic"]
[Date "2024.02.11"]
[Round "8.1"]
[White "UNI1 Haring Filip IM"]
[Black "NOV3 Harikrishna Pentala GM"]
[Result "0-1"]
[ECO "B47"]
[WhiteElo "2441"]
[BlackElo "2716"]
[Annotator "TA"]
[PlyCount "104"]
[EventDate "2023.10.14"]
[EventCountry "CZE"]
[SourceTitle "playchess.com"]
[Source "ChessBase"]
[SourceQuality "1"]
[TimeControl "40/5400+30:1800+30"]

1. e4 c5 2. Nf3 e6 3. d4 cxd4 4. Nxd4 Nc6 5. Nc3 Qc7 6. g3 a6 7. Bg2 Nge7 8. Nb3 Ng6 9. O-O {[%emt 0:01:44] B47: Sicilian: Taimanov: 5 Nc3 Qc7 6 f4, 6 g3 and 6 Be2.} h5 $5 {[%emt 0:00:46][%mdl 4] Exploring less charted territory.} 10. h4 Nge5 11. Qe2 $146 ({Predecessor:} 11. Bf4 d6 12. Qe2 Be7 13. Rfd1 Bd7 14. Nd4 Na5 15. a4 g6 16. Qe1 O-O 17. b3 {½-½ Rovid,K-Horvath,T HUN-Open Budapest 1981 (13)}) 11... d6 12. a4 b6 13. Nd1 Be7 14. f4 Nd7 15. Bd2 Bb7 16. Bc3 Bf6 17. Bf3 g6 18. Qd2 Ne7 19. Bxf6 Nxf6 20. Nc3 ({Better is} 20. a5 $14) 20... O-O $11 21. Rad1 d5 22. exd5 (22. e5 $11 Ne4 23. Bxe4 dxe4 24. Qd6) 22... Nexd5 $15 23. Nxd5 Bxd5 24. Bxd5 Nxd5 25. Nd4 Rad8 26. Qe2 Qc5 27. c3 Ne7 28. Qxa6 Nf5 29. Qd3 Rd5 30. Rf2 Rfd8 31. Rfd2 $1 e5 32. fxe5 $1 Rxe5 33. Re2 {[%emt 0:03:59] [#]} (33. Qb5 $1 $11 Nxg3 34. Qxc5 Rxc5 35. Nf3 Rxd2 36. Rxd2) 33... Nxg3 $1 $17 34. Rxe5 (34. Red2 $17 Nf5 35. Qb5 Nxh4 (35... Qc7 $2 36. Qc6 $17) 36. Qxc5 bxc5 37. Nc6 Rxd2 38. Rxd2) 34... Qxe5 $19 35. Rd2 Nf5 36. Re2 Qf4 37. Rf2 Qxh4 38. Qf3 Qg5+ (38... Nxd4 39. Qxf7+ Kh8 40. cxd4 $17) 39. Kh1 Nh6 (39... Nxd4 40. Qxf7+ Kh8 41. cxd4 $15) 40. b4 Rc8 41. b5 Qc1+ 42. Rf1 Qa3 ({Not} 42... Qxc3 43. Qxc3 Rxc3 44. a5 bxa5 45. Rb1 $17) 43. Nc6 Re8 (43... Qxa4 $2 {is the wrong capture.} 44. Ne7+ Kg7 45. Nxc8 $16) 44. a5 (44. Qd3 $142) 44... bxa5 $19 45. Nd4 a4 46. Qc6 Qe7 47. b6 (47. Nf3 $142 Qd8 48. Kg1) 47... Ng4 (47... Qh4+ $142 48. Kg2 Re3) 48. Nf3 Rb8 49. c4 $2 (49. Re1 Qb7 50. Qxb7 Rxb7 51. Rb1) 49... a3 (49... Qe2 $142 50. Rb1 Nf2+ 51. Kg1 Ne4) 50. Re1 (50. Qc7 $142 Qxc7 51. bxc7) 50... Qf6 $2 (50... Qb4 51. c5 a2) 51. Qxf6 $19 Nxf6 52. c5 Nd7 0-1

[Event "Czech Extraliga 2023-24"]
[Site "Czech Republic"]
[Date "2024.02.11"]
[Round "8.2"]
[White "NOV4 Navara David GM"]
[Black "UNI3 Cernousek Lukas IM"]
[Result "1-0"]
[ECO "D02"]
[WhiteElo "2689"]
[BlackElo "2454"]
[Annotator "TA"]
[PlyCount "51"]
[EventDate "2023.10.14"]
[EventCountry "CZE"]
[SourceTitle "playchess.com"]
[Source "ChessBase"]
[SourceQuality "1"]
[TimeControl "40/5400+30:1800+30"]

1. d4 d5 2. Nf3 Nf6 3. Bf4 c5 4. e3 Nc6 5. Nbd2 Qb6 6. dxc5 Qxb2 7. Rb1 Qc3 8. Bb5 {[%emt 0:00:17] The position is equal.} e6 9. O-O Be7 10. Ne5 Bd7 11. Nd3 O-O 12. Nb3 b6 13. a4 Ne4 (13... bxc5 $6 14. Nbxc5 Be8 (14... Bxc5 15. Rb3 $16) 15. Nb7 $11) 14. Bxc6 Bxc6 15. Be5 {[%emt 0:00:33] Against Bf6} Qc4 16. Nd4 {[%emt 0:03:08] [#] Rb4 would now be deadly.} Be8 (16... Qxa4 $2 17. Rb4 $18 (17. cxb6 Bb7 $16)) 17. cxb6 axb6 (17... Qxa4 $2 18. b7 Bd7 19. bxa8=N $18 (19. b8=N Be8 $18) (19. bxa8=Q Rxa8 20. Rb7 Rd8 $18)) 18. Rxb6 Bxa4 (18... Rxa4 $2 19. Nb2 Qa2 (19... Nc3 $2 20. Qe1 $18) 20. Nxa4 Qxa4 21. Rb7 $18) (18... Qxa4 19. Qg4 Bg5 20. Rb7 $11) 19. Rb7 Bd6 {[%emt 0:05:18] [#]} 20. Bxg7 $1 Bxc2 {[%emt 0:12:09] This pair of bishops is nice.} (20... Kxg7 21. Nxe6+) 21. Qg4 f5 $1 22. Qh5 $40 {[%emt 0:01:13][%mdl 128] White has some attack. The board is on fire.} (22. Bxf8+ $2 fxg4 23. Bxd6 Nxd6 $19 (23... Qxd3 $2 24. Be5 $19)) 22... Qxd3 ({Better is} 22... Qc8 $14 23. Bxf8 Qxb7 24. Nxc2 (24. Bxd6 Bxd3 25. Rd1 Nxd6 $11) 24... Bxf8) 23. Nxc2 (23. Nxe6 Qa6 (23... Nd2 $2 24. Rc1 $18) 24. Nxf8 Rxf8) (23. Bxf8 $2 Qxf1+ 24. Kxf1 Ra1+ 25. Ke2 Bd1+ 26. Kd3 Nc5+ (26... Bxh5 $2 27. Bxd6 Nxd6 28. Rd7 $19) (26... Nxf2+ 27. Kc3 $19) 27. Kc3 Bxh5 $19) (23. Nc6 $16 {[%cal Og7e5] White threatens Be5! and mate.} Qa6 24. Ne7+ Bxe7 25. Rxe7) 23... Rab8 $2 (23... Nd2 $2 24. Re1 (24. Rc1 f4 $18) 24... Rab8 25. Bxf8 Rxb7 26. Bxd6 $18) (23... Qa6 $1 $14 24. Bxf8 Qxb7) 24. Bxf8 $2 (24. Rd7 $18 {[%cal Og7b2] White wants to mate with Bb2!} Rbd8 25. Rxd8 Rxd8 26. Nd4) 24... Rxb7 $14 25. Bh6 (25. Ne1 $16 Qc3 26. Bxd6 Nxd6 27. Qh6) 25... Rf7 ({Black should play} 25... Rb8 $1 $14 26. f3 (26. Nd4 Bxh2+ 27. Kxh2 Qxf1 $11) 26... Qxc2 27. fxe4 dxe4 (27... Qxe4 $2 {perishes.} 28. Qg5+ Kf7 29. Qg7+ Ke8 30. Qg8+ Kd7 31. Qxh7+ Be7 32. Bg5 $18)) 26. Nd4 {[%emt 0:01:02] Weighted Error Value: White=0.27 (precise) /Black=0.29 (precise) .  Loses game:     	---       	Black=1      Missed win:     	White=1     	---        Mistake:       	White=2     	Black=2      Inaccurate:     	---       	Black=2      OK:         	White=10    	Black=10     Best:        	White=1     	---        Strong:       	---       	Black=1} 1-0

[Event "Czech Extraliga 2023-24"]
[Site "Czech Republic"]
[Date "2024.02.11"]
[Round "8.2"]
[White "Samunenkov, Ihor"]
[Black "Hracek, Zbynek"]
[Result "1/2-1/2"]
[ECO "A32"]
[WhiteElo "2533"]
[BlackElo "2549"]
[Annotator "TA"]
[PlyCount "34"]
[EventDate "2023.10.14"]
[EventCountry "CZE"]
[SourceTitle "playchess.com"]
[Source "ChessBase"]
[SourceQuality "1"]
[TimeControl "40/5400+30:1800+30"]

1. d4 Nf6 2. g3 d5 3. Nf3 c5 4. Bg2 cxd4 5. O-O e6 6. Nxd4 Bc5 7. c4 O-O 8. cxd5 Nxd5 9. Nb3 Bb6 10. Bd2 Nc6 11. Nc3 {[%emt 0:00:53] The position is equal.} Nxc3 12. Bxc3 Qe7 13. Nd2 Rd8 14. Qc2 Bd7 15. Nc4 Bd4 16. e3 Bxc3 17. Qxc3 Rac8 {[%emt 0:03:55] Not much happened in this game.   Weighted Error Value: White=0.05 (flawless) /Black=0.02 (flawless) .  OK:         	White=2     	Black=3} 1/2-1/2

[Event "Czech Extraliga 2023-24"]
[Site "Czech Republic"]
[Date "2024.02.11"]
[Round "8.2"]
[White "Baidetskyi, Valentin"]
[Black "Nasuta, Grzegorz"]
[Result "1/2-1/2"]
[ECO "D11"]
[WhiteElo "2499"]
[BlackElo "2563"]
[Annotator "TA"]
[PlyCount "28"]
[EventDate "2023.10.14"]
[EventCountry "CZE"]
[SourceTitle "playchess.com"]
[Source "ChessBase"]
[SourceQuality "1"]
[TimeControl "40/5400+30:1800+30"]

1. Nf3 d5 2. g3 Bg4 3. Bg2 e6 4. h3 Bh5 5. d4 Nf6 6. c4 c6 7. O-O Nbd7 8. Qb3 Qb6 9. Nc3 Be7 10. Nh4 O-O 11. g4 Bg6 (11... Qxd4 $2 {too greedy.} 12. Nf3 (12. Qxb7 Qxc4 13. Rd1 a5 $17) 12... Qxc4 13. Qxc4 (13. gxh5 Qxb3 14. axb3 Nxh5 $14) 13... dxc4 14. gxh5 $18) 12. Nxg6 hxg6 13. Rd1 Rfd8 14. g5 Nh5 {[%emt 0:16:28] Not much happened in this game.   Weighted Error Value: White=0.04 (flawless) /Black=0.00 (flawless) .  OK:         	White=3     	Black=1} 1/2-1/2

[Event "Czech Extraliga 2023-24"]
[Site "Czech Republic"]
[Date "2024.02.11"]
[Round "8.2"]
[White "Sahidi, Samir"]
[Black "Stocek, Jiri"]
[Result "1-0"]
[ECO "E10"]
[WhiteElo "2478"]
[BlackElo "2549"]
[Annotator "RC"]
[PlyCount "133"]
[EventDate "2023.10.14"]
[EventCountry "CZE"]
[SourceTitle "playchess.com"]
[Source "ChessBase"]
[SourceQuality "1"]
[TimeControl "40/5400+30:1800+30"]

1. d4 Nf6 2. c4 e6 3. Nf3 c5 4. d5 b5 5. dxe6 fxe6 6. cxb5 a6 7. bxa6 Bxa6 8. g3 Nc6 9. Bg2 Be7 10. O-O O-O 11. Re1 Qe8 12. Nc3 h6 13. b3 Rd8 14. Ba3 d5 15. Na4 Ne4 16. Rc1 c4 17. Bxe7 Qxe7 18. bxc4 Bxc4 19. Nb2 Qa7 20. Rf1 Qxa2 21. Nxc4 dxc4 22. Qc2 Qxc2 23. Rxc2 Nd6 24. Rd1 Rfe8 25. Bf1 Nb4 26. Rb2 Nd5 27. e3 c3 28. Rc2 Rb8 29. Bd3 Rec8 30. Rcc1 Nb5 31. Bg6 Na3 32. Nd4 Ne7 33. Be4 Kf7 34. Kg2 Nb5 35. Ne2 Rc5 36. Bd3 Nd5 37. e4 Nb4 38. Bxb5 Rbxb5 39. Rxc3 Rxc3 40. Nxc3 Rc5 41. Ne2 g5 42. Rd7+ Kf6 43. f4 g4 44. Nd4 e5 45. Rd6+ Kf7 46. Nf5 h5 47. Kf2 Rc2+ 48. Ke3 Rc3+ 49. Ke2 Rc2+ 50. Kd1 exf4 51. gxf4 Rxh2 52. e5 Na2 53. Rc6 Nb4 54. Rf6+ Ke8 55. e6 Nd5 56. Rh6 Kd8 57. Ke1 g3 58. Rh8+ Kc7 59. Nxg3 Kd6 60. f5 Nf6 61. Rf8 Rg2 62. Rxf6 Rxg3 63. Kf2 h4 64. Rf7 Rg5 65. e7 Kd7 66. f6 h3 67. Rf8 1-0